 Dungeon Crawl Stone Soup version 0.28-a0-1292-gb4563b27b3 (webtiles) character file.

Game seed: 5277963123276710469

146 Iidacon the Skirmisher (level 5, -4/33 HPs)
             Began as a Gargoyle Berserker on Dec 27, 2021.
             Was a Believer of Trog.
             Slain by a gnoll (6 damage)
             ... on level 3 of the Dungeon.
             The game lasted 00:10:40 (3260 turns).

Iidacon the Skirmisher (Gargoyle Berserker)         Turns: 3260, Time: 00:10:40

Health: -4/33      AC: 16    Str: 23    XL:     5   Next: 28%
Magic:  5/5        EV:  5    Int:  7    God:    Trog [**....]
Gold:   123        SH:  6    Dex:  9    Spells: 4/4 levels left

rFire   . . .      SeeInvis .   a - +0 hand axe
rCold   + . .      Faith    .   m - +0 kite shield
rNeg    + . .      Spirit   .   k - +1 chain mail {rC+}
rPois   ∞          Reflect  .   (no helmet)
rElec   +          Harm     .   i - +1 cloak
rCorr   .          Rampage  .   f - +0 pair of gloves
Will    .....                   (no boots)
Stlth   ..........              (no amulet)
HPRegen 0.11/turn               (no ring)
MPRegen 0.09/turn               (no ring)

@: no status effects
A: sickness immunity, AC +4, negative energy resistance 1, electricity
resistance, torment resistance 1, petrification resistance
a: Renounce Religion, Berserk, Trog's Hand


You were on level 3 of the Dungeon.
You worshipped Trog.
Trog was pleased with you.
You visited 1 branch of the dungeon, and saw 4 of its levels.

You collected 123 gold pieces.

Inventory:

Hand Weapons
 a - a +0 hand axe (weapon)
Missiles
 b - 16 sling bullets
 e - 76 stones (quivered)
Armour
 f - a +0 pair of gloves (worn)
 i - a +1 cloak (worn)
 k - a +1 chain mail of cold resistance (worn)
 m - a +0 kite shield (worn)
Scrolls
 c - a scroll of summoning {unknown}
 g - 3 scrolls of identify {unknown}
 h - a scroll of torment {unknown}
 n - a scroll of amnesia {unknown}
 o - a scroll of teleportation {unknown}
Potions
 d - a potion of lignification {unknown}
 j - 2 potions of curing {unknown}
 l - a potion of cancellation {unknown}
 p - a potion of degeneration {unknown}


   Skills:
 + Level 4.1 Fighting
 * Level 4.0 Axes
 - Level 2.1 Armour
 + Level 2.4 Dodging
 + Level 1.4 Shields


You had 4 spell levels left.
You didn't know any spells.
Your spell library was empty.

Dungeon Overview and Level Annotations

Branches:
Dungeon (4/15)
 Temple: D:4-7

Altars:
Xom

Shops:
D:2 *


Innate Abilities, Weirdness & Mutations

You are immune to sickness and miasma.
Your stone body is resilient. (AC +4)
You are immune to poison.
You resist negative energy. (rN+)
You are resistant to electric shocks. (rElec)
You are resistant to unholy torment.
You are immune to petrification.


Message History

Your shield and chain mail prevent you from hitting the jackal.
The jackal bites you but does no damage. x2
You barely miss the jackal.
The jackal bites you but does no damage. x2
You hit the jackal but do no damage.
The jackal bites you but does no damage. x2
You closely miss the jackal.
The jackal bites you but does no damage.
The jackal barely misses you.
You hit the jackal.
The jackal is heavily wounded.
The jackal bites you but does no damage. x2
You barely miss the jackal.
The jackal is heavily wounded.
You block the jackal's attack. The jackal bites you.
You slash the jackal!
You kill the jackal!
Trog accepts your kill.
You barely miss the gnoll.
The gnoll is moderately wounded.
The gnoll barely misses you.
You hit the gnoll.
The gnoll is heavily wounded.
The gnoll hits you but does no damage. x2
You hit the gnoll.
The gnoll is almost dead.
The gnoll hits you with a +0 flail.
You hit the gnoll.
You kill the gnoll!
Trog accepts your kill. The gnoll hits you with a +0 flail.
* * * LOW HITPOINT WARNING * * *
You hit the gnoll.
The gnoll is lightly wounded.
The gnoll hits you with a +0 flail!
* * * LOW HITPOINT WARNING * * *
You hit the gnoll but do no damage.
The gnoll is lightly wounded.
The gnoll hits you with a +0 flail.
You die...

###......# ####....#≈.§☼°≈≈#
.##.....## ###.#....§§§○..§≈#
.##....## ##.....#...≈§§≈§§≈#
.......####..#.....)..≈≈.≈≈#
............##....##......##
..#....#######.....#.<#####
..#....# ##.#.#.#..#######
.##....# ##..#.#.#..#.....#
..#....#####..##@#..........#
...#.##......###g##>........#
...>....###### #o##...#.....#
.......## #.##...#.....#
......## ##.##...#.....#
......## #.......#.....#
.......# #.............#
.......# #.............#
.......### #.......#######


You could see a gnoll and an orc.

Vanquished Creatures
  A hound (D:3)
  3 gnolls (D:3)
  2 adders
  An adder skeleton (D:3)
  A dart slug (D:2)
  3 orcs (D:3)
  3 ball pythons
  7 endoplasms
  2 giant cockroaches
  A goblin (D:2)
  6 hobgoblins
  8 jackals
  5 kobolds
  3 quokkas
  2 bats (D:1)
  5 frilled lizards
  8 rats
61 creatures vanquished.

Vanquished Creatures (others)
  A hobgoblin (D:3)
  4 plants (D:3)
5 creatures vanquished.

Grand Total: 66 creatures vanquished

Notes
Turn   | Place    | Note
-------+----------+-------------------------------------------
     0 | D:1      | Iidacon the Gargoyle Berserker began the quest for the Orb.
     0 | D:1      | Reached XP level 1. HP: 14/14 MP: 1/1
   252 | D:1      | Found a faded altar of an unknown god.
   278 | D:1      | Reached XP level 2. HP: 19/19 MP: 2/2
   345 | D:1      | You fall into a shaft and drop 1 floor!
   436 | D:2      | Found Jiloerad's Assorted Antiques.
   578 | D:1      | Reached XP level 3. HP: 21/23 MP: 3/3
  1880 | D:3      | Reached ** piety under Trog
  2434 | D:3      | Reached XP level 4. HP: 29/29 MP: 4/4
  2446 | D:3      | Found a shimmering altar of Xom.
  2931 | D:3      | Reached skill level 1 in Shields
  3245 | D:3      | Reached XP level 5. HP: 14/33 MP: 5/5
  3260 | D:3      | Slain by a gnoll

Illustrated notes

Levels and vault maps discovered:
D:1:      lightli_arrival_windingriver, layout_basic, basic_ecumenical_altar,
          chequers_serial_rivers_marsh, chequers_serial_rivers_micro_b,
          minmay_misc_feat_columns
D:2:      layout_basic, serial_shops, shop
D:3:      lemuel_castle_with_subvaults [lemuel_castle_interior_carwin_2],
          layout_rooms, xom_confusion_cloud, mainiacjoe_overflow_chevrons,
          ebering_ghost_sewer_d
D:4:      layout_basic, general_overflow_altar,
          minmay_temple_entry_antechambers, minmay_misc_feat_tower

Skill      XL: |  1  2  3  4 |
---------------+-------------+-----
Axes           | 3 4 |  4.0
Dodging        | 2 |  2.4
Shields        | 1 |  1.4
Fighting       | 4 |  4.1
Armour         | |  2.1

Action                   |  1- 3 |  4- 6 || total
-------------------------+-------+-------++-------
Melee: Hand axe          |   129 |   126 ||   255
Invok: Berserk           |       |     1 ||     1
Armor: Animal skin       |    32 |       ||    32
       Chain mail        |    31 |   131 ||   162
Dodge: Dodged            |    65 |    40 ||   105
Block: Kite shield       |    12 |    61 ||    73

Table legend: (Time is in decaauts)
 A = Elapsed time spent in this place.
 B = Non-inter-level travel time spent in this place.
 C = Inter-level travel time spent in this place.
 D = Time resting spent in this place.
 E = Time spent auto-exploring this place.
 F = Levels seen in this place.
 G = Mean time per level.
                   A        B        C        D        E       F      G
               +--------+--------+--------+--------+--------+-----+--------+
         Total |   3360 |   3248 |    112 |    472 |   1939 |   4 |  840.0 |
       Dungeon |   3360 |   3248 |    112 |    472 |   1939 |   4 |  840.0 |
               +--------+--------+--------+--------+--------+-----+--------+

Top non-repeatable levels by time:
     D:2: 1552 daAuts
     D:3: 961 daAuts
     D:1: 821 daAuts
     D:4: 24 daAuts
